 Dungeon Crawl Stone Soup version 0.30.1-3-gfc49f6343a (webtiles) character file.

Game seed: 8006249158701979473

1780043 babooboo the Impregnable (level 27, 214/214 HPs)
             Began as a Minotaur Fighter on Aug 6, 2023.
             Was a Priest of Qazlal.
             Escaped with the Orb
             ... and 3 runes!
             The game lasted 02:09:12 (62589 turns).

babooboo the Impregnable (Minotaur Fighter)        Turns: 62589, Time: 02:09:13

Health: 214/214    AC: 35    Str: 40 (42) XL:     27
Magic:  29/29      EV: 10    Int:  7      God:    Qazlal [***...]
Gold:   6563       SH: 36    Dex: 11      Spells: 22/26 levels left

rFire   + . .        Z - +9 broad axe (drain)
rCold   + + .        V - +8 tower shield {rPois}
rNeg    + + +        U - +8 ice dragon scales of Buliful {Rampage Fly rF- rC++ rN+++ Will-}
rPois   +            M - +3 crown of Dyrovepreva {rElec Int+2 SInv}
rElec   +            f - +0 cloak of Rationality {Rampage rElec Will++ Slay-3}
rCorr   +            p - +1 pair of gloves "Xevaosul" {-Cast Fly Will++}
SInv    +            W - +2 pair of boots {Fly}
Will    +++++        G - amulet "Elomoa" {RegenMP Contam rF+ Str+4} Stlth
                     K - ring of Murghus {rCorr Str+3 Int+4 Stlth-}
HPRegen 0.55/turn    S - ring of Boluupo {rElec rF+ Str+2 Dex+3}
MPRegen 0.61/turn

%: no spellcasting, rampage
@: flying, studying Necromancy
A: horns 2, retaliatory headbutt, see invisible, clumsy 2, deformed body, dopey
2, frail 2, low MP 2, poison resistance, subdued magic 1, MP-powered wands
0: Orb of Zot
}: 3/15 runes: decaying, serpentine, silver
a: Renounce Religion, Upheaval, Elemental Force


You escaped.
You worshipped Qazlal.
Qazlal was most pleased with you.
You visited 9 branches of the dungeon, and saw 47 of its levels.
You visited the Abyss 1 time.
You visited 1 bazaar.
You visited 1 ziggurat, and saw 4 of its levels.
You also visited: Sewer, Gauntlet and Desolation.

You collected 10862 gold pieces.
You spent 4299 gold pieces at shops.

Inventory:

Hand Weapons
 m - the +3 broad axe of the Impish God {freeze, *Corrode Drain rF+ Dex+7}
   (You acquired it on level 3 of the Lair of Beasts)

   Dex:       It affects your dexterity (+7).
   rF:        It protects you from fire.
   *Corrode:  It may corrode you when you take damage.
   Drain:     It drains your maximum health when unequipped.
 Z - a +9 broad axe of draining (weapon)
Missiles
 h - 4 throwing nets
 n - 15 javelins (quivered)
Armour
 f - the +0 cloak of Rationality (worn) {Rampage rElec Will++ Slay-3}
   (You found it on level 4 of the Vaults)

   Slay:      It affects your accuracy & damage with ranged weapons and melee
   (-3).
   rElec:     It insulates you from electricity.
   Rampage:   It bestows one free step when moving towards enemies.
   Will:      It greatly increases your willpower.
 p - the +1 pair of gloves "Xevaosul" (worn) {-Cast Fly Will++}
   (You found it on level 5 of the Vaults)

   Fly:       It grants you flight.
   -Cast:     It prevents spellcasting.
   Will:      It greatly increases your willpower.
 B - the +10 plate armour of Kuabo {Str+4 Int+2 Slay+3}
   (You bought it in a shop on level 5 of the Vaults)

   Str:       It affects your strength (+4).
   Int:       It affects your intelligence (+2).
   Slay:      It affects your accuracy & damage with ranged weapons and melee
   (+3).
 M - the +3 crown of Dyrovepreva (worn) {rElec Int+2 SInv}
   (You bought it in a shop on level 3 of the Snake Pit)

   Int:       It affects your intelligence (+2).
   rElec:     It insulates you from electricity.
   SInv:      It lets you see invisible.
 U - the +8 ice dragon scales of Buliful (worn) {Rampage Fly rF- rC++ rN+++ Will-}
   (You found it in a Gauntlet)

   rF:        It makes you vulnerable to fire.
   rC:        It greatly protects you from cold.
   rN:        It renders you almost immune to negative energy.
   Fly:       It grants you flight.
   Rampage:   It bestows one free step when moving towards enemies.
   Will:      It decreases your willpower.
 V - a +8 tower shield of poison resistance (worn)
 W - a +2 pair of boots of flying (worn)
Jewellery
 l - a ring of protection from fire
 C - a ring of willpower
 G - the amulet "Elomoa" (around neck) {RegenMP Contam rF+ Str+4}
   (You found it on level 5 of the Vaults)

   [amulet of magic regeneration]

   It increases your rate of magic regeneration.
   Str:       It affects your strength (+4).
   rF:        It protects you from fire.
   Contam:    It causes magical contamination when unequipped.
 K - the ring of Murghus (left hand) {rCorr Str+3 Int+4 Stlth-}
   (You acquired it on level 2 of the Lair of Beasts)

   [ring of resist corrosion]

   Str:       It affects your strength (+3).
   Int:       It affects your intelligence (+4).
   rCorr:     It protects you from acid and corrosion.
   Stlth:     It makes you less stealthy.
 R - the ring of the Greedy {rC+ Str+2 Int+4 SInv Stlth-}
   (You bought it in a shop on level 1 of the Dungeon)

   [ring of see invisible]

   Str:       It affects your strength (+2).
   Int:       It affects your intelligence (+4).
   rC:        It protects you from cold.
   SInv:      It lets you see invisible.
   Stlth:     It makes you less stealthy.
 S - the ring of Boluupo (right hand) {rElec rF+ Str+2 Dex+3}
   (You found it in the Desolation of Salt)

   [ring of protection from fire]

   Str:       It affects your strength (+2).
   Dex:       It affects your dexterity (+3).
   rF:        It protects you from fire.
   rElec:     It insulates you from electricity.
Wands
 c - a wand of flame (66)
 o - a wand of acid (27)
 y - a wand of polymorph (47)
 F - a wand of iceblast (48)
 O - a wand of digging (34)
 T - a wand of mindburst (53)
Scrolls
 e - 3 scrolls of silence
 v - 2 scrolls of blinking
 w - 5 scrolls of fear
 x - 17 scrolls of teleportation
 z - 7 scrolls of amnesia
 A - 7 scrolls of poison
 D - 9 scrolls of immolation
 H - 4 scrolls of enchant weapon
 I - 3 scrolls of enchant armour
 L - 10 scrolls of fog
 Q - 34 scrolls of identify
 X - 4 scrolls of magic mapping
Potions
 a - 2 potions of haste
 b - a potion of berserk rage
 d - 2 potions of mutation
 g - 5 potions of resistance
 i - 11 potions of lignification
 j - 8 potions of ambrosia
 q - 3 potions of cancellation
 r - 12 potions of flight
 s - 5 potions of magic
 u - 19 potions of curing
 N - a potion of invisibility
 P - 4 potions of might
Miscellaneous
 k - a condenser vane


   Skills:
 + Level 25.9 Fighting
 + Level 25.8 Axes
 + Level 26.0 Armour
 + Level 26.0 Shields
 + Level 22.0 Invocations


You had 22 spell levels left.
You knew the following spells:

 Your Spells              Type           Power      Damage    Failure   Level
a - Apportation           Tloc           0%         N/A       50%         1
b - Beastly Appendage     Tmut           0%         N/A       50%         1
c - Lesser Beckoning      Tloc           0%         N/A       65%         2

Your spell library contained the following spells:

 Spells                   Type           Power      Damage    Failure   Level
 Freeze                   Ice            0%         1d3       50%         1
 Kiss of Death            Conj/Necr      0%         2d5       50%         1
 Necrotise                Necr           0%         1d4       50%         1
 Slow                     Hex            0%         N/A       50%         1
 Sting                    Tmut/Pois      0%         1d3       50%         1
 Summon Small Mammal      Summ           0%         N/A       50%         1
 Blink                    Tloc           0%         N/A       65%         2
 Cigotuvi's Dreadful Rot  Necr/Pois/Air  0%         N/A       65%         2
 Ensorcelled Hibernation  Hex/Ice        0%         N/A       65%         2
 Scorch                   Fire           0%         2d5       65%         2
 Call Canine Familiar     Summ           0%         N/A       87%         3
 Confusing Touch          Hex            0%         N/A       87%         3
 Dazzling Flash           Conj/Hex       0%         N/A       87%         3
 Frozen Ramparts          Ice            0%         1d1       87%         3
 Gell's Gravitas          Tloc           0%         N/A       87%         3
 Hailstorm                Conj/Ice       0%         3d3       87%         3
 Ignite Poison            Fire/Tmut/Pois 0%         N/A       87%         3
 Inner Flame              Hex/Fire       0%         N/A       87%         3
 Portal Projectile        Hex/Tloc       0%         N/A       87%         3
 Spider Form              Tmut/Pois      0%         N/A       87%         3
 Stone Arrow              Conj/Erth      0%         3d7       87%         3
 Summon Guardian Golem    Hex/Summ       0%         N/A       87%         3
 Teleport Other           Tloc           0%         N/A       87%         3
 Vampiric Draining        Necr           0%         2d6       87%         3
 Vhi's Electric Charge    Tloc/Air       0%         N/A       87%         3
 Volatile Blastmotes      Fire/Tloc      0%         2d10      87%         3
 Anguish                  Hex/Necr       0%         N/A       99%         4
 Animate Armour           Summ/Erth      0%         N/A       99%         4
 Animate Dead             Necr           0%         N/A       99%         4
 Dispel Undead            Necr           0%         3d6       99%         4
 Flame Wave               Conj/Fire      0%         2d4       99%         4
 Fulminant Prism          Conj/Hex       0%         3d5       99%         4
 Ice Form                 Ice/Tmut       0%         N/A       99%         4
 Iskenderun's Mystic Bla  Conj/Tloc      0%         2d3       99%         4
 Leda's Liquefaction      Hex/Erth       0%         N/A       99%         4
 Manifold Assault         Tloc           0%         N/A       99%         4
 Olgreb's Toxic Radiance  Pois           0%         N/A       99%         4
 Sticky Flame             Conj/Fire      0%         2d3       99%         4
 Agony                    Necr           0%         N/A       100%        5
 Alistair's Intoxication  Tmut/Pois      0%         N/A       100%        5
 Arcjolt                  Conj/Air       0%         1d10      100%        5
 Blade Hands              Tmut           0%         N/A       100%        5
 Borgnjor's Vile Clutch   Necr/Erth      0%         N/A       100%        5
 Fireball                 Conj/Fire      0%         3d3       100%        5
 Freezing Cloud           Conj/Ice/Air   0%         6-21      100%        5
 Irradiate                Conj/Tmut      0%         3d11      100%        5
 Iskenderun's Battlesphe  Conj           0%         2d6       100%        5
 Lee's Rapid Deconstruct  Erth           0%         3d4*      100%        5
 Metabolic Englaciation   Hex/Ice        0%         N/A       100%        5
 Silence                  Hex/Air        0%         N/A       100%        5
 Summon Forest            Summ/Tloc      0%         N/A       100%        5
 Summon Mana Viper        Hex/Summ       0%         N/A       100%        5
 Yara's Violent Unravell  Hex/Tmut       0%         3d3       100%        5
 Conjure Ball Lightning   Conj/Air       0%         3x3d6     100%        6
 Death Channel            Necr           0%         N/A       100%        6
 Dispersal                Tloc           0%         N/A       100%        6
 Eringya's Noxious Bog    Tmut/Pois      0%         N/A       100%        6
 Plasma Beam              Fire/Air       0%         2x1d11    100%        6
 Simulacrum               Ice/Necr       0%         N/A       100%        6
 Starburst                Conj/Fire      0%         6d3       100%        6
 Statue Form              Tmut/Erth      0%         N/A       100%        6
 Summon Cactus Giant      Summ           0%         N/A       100%        6
 Enfeeble                 Hex            0%         N/A       100%        7
 Haunt                    Necr/Summ      0%         N/A       100%        7
 Monstrous Menagerie      Summ           0%         N/A       100%        7
 Orb of Destruction       Conj           0%         9d5       100%        7
 Storm Form               Tmut/Air       0%         N/A       100%        7
 Summon Hydra             Summ           0%         N/A       100%        7
 Borgnjor's Revivificati  Necr           0%         N/A       100%        8
 Discord                  Hex            0%         N/A       100%        8
 Disjunction              Tloc           0%         N/A       100%        8
 Ignition                 Fire           0%         3d3       100%        8
 Infestation              Necr           0%         N/A       100%        8
 Lehudib's Crystal Spear  Conj/Erth      0%         10d2      100%        8
 Polar Vortex             Ice            0%         N/A       100%        9


Dungeon Overview and Level Annotations

Branches:
Dungeon (15/15)            Temple (0/1) D:4            Lair (5/5) D:9
  Swamp (4/4) Lair:3        Snake (4/4) Lair:2        Slime (0/5) Lair:5
    Orc (2/2) D:9             Elf (0/3) Orc:2        Vaults (5/5) D:14
  Crypt (3/3) Vaults:3       Tomb (0/3) Crypt:3      Depths (4/4) D:15
    Zot (5/5) Depths:4      Sewer (visited)         Desolation (visited)
Gauntlet (visited)

Altars:
Cheibriados
Dithmenos
Elyvilon
Gozag
Kikubaaqudgha
Nemelex Xobeh
Qazlal
Ru
Trog
Wu Jian
Zin
The Shining One
Jiyva

Shops:
D:1 =   D:3 ?   D:4 (   D:10 (   D:15 *   Orc:2 (([(   Snake:3 ![[   Snake:4 ?
Vaults:1 (   Vaults:5 *   Depths:1 ?:   Depths:4 =:=

Portals:
Hell: Depths:1 Depths:2 Depths:3
Abyss: Depths:3
Pandemonium: Depths:2
Trove: Depths:3 (give 6 potions of haste)

Annotations:
Snake:3 2 transporters, Emergh's ghost, journeyman MiBe


Innate Abilities, Weirdness & Mutations

You have a pair of horns on your head.
You reflexively headbutt those who attack you in melee.
You have supernaturally acute eyesight. (SInv)
You are very clumsy. (Dex -4)
Armour fits poorly on your strangely shaped body.
You are very dopey. (Int -4)
You are very frail. (-20% HP)
Your magical capacity is very low. (-20% MP)
Your system is resistant to poisons. (rPois)
Your spells are a little easier to cast, but a little less powerful.
You expend magic power (3 MP) to strengthen your wands.


Message History

The sphere of damnation explodes!
The damnation engulfs you!!
You fly upwards.
There is a stone staircase leading down here.
There is a stone staircase leading up here.
You fly upwards.
There is a stone staircase leading down here.
You reach down and open the door.
There is an open door here.
Things that are here:
a +0 ring mail; a +0 club
There is an open door here.
There is a stone staircase leading up here.
You fly upwards.
There is a stone staircase leading down here.
HP restored.
A cherub comes into view.
It is wielding a +0 falchion of flaming.
The cherub's eagle head screeches!
The cherub unwields a +0 falchion of flaming.
It stops flaming.
The cherub wields a +1 shortbow of flaming.
It bursts into flame!
The cherub shoots an arrow.
You block the arrow.
The cherub shoots an arrow.
The arrow hits you but does no damage.
You see here 6 stones.
The cherub shoots an arrow.
You block the arrow.
The cherub shoots an arrow.
You block the arrow.
The cherub shoots an arrow.
You block the arrow.
There is a stone staircase leading up here.
You fly upwards.
There is a stone staircase leading down here.
A hellion comes into view.
Aiming: Dig
Press: ? - help, Shift-Dir - straight line You can't see that place. [a rock wall.]
You feel a surge of power!
The rock shatters into small pieces.
A tormentor comes into view.
The tormentor roars!
There is a staircase leading out of the dungeon here.
You block the tormentor's attack. x2
You have escaped!

..#### #.#.#########..##.# ...##
#...#.......#..##.# ##..#
##..#..#####.#####.#
##.####...#..# #.# #.#
###...##..###.# #.# #.#
...##.....# #.#####.# #.#
##.##..##.# #...#.#.# #.#
##.....##.###..○....### #.#
#####.......#..§@...#.# #.# #
###..###..#..2....#.# #.#
##....####.#.#.#.#.#.###.#######
#..##..# ###.#####.#..##)#.....#
##.####.####8.8###8.8#...........
#..# #..#...........####........
...# ##...##.(.#....# #........
...## #..########.### #........
....#####.### #...# #........


You could see a tormentor.

Vanquished Creatures
  A pandemonium lord (Zig:2)
  7 orbs of fire
  2 dread liches
  An ancient lich (Vaults:4)
  A juggernaut (Depths:3)
  Sojobo (Crypt:2)
  4 Killer Klowns
  Boris (Vaults:3)
  Vv (Zot:1)
  The ghost of Ciatuas the Slayer, a veteran MiBe of Trog (Vaults:2)
  2 curse toes
  The ghost of jlumianski the Warrior, a veteran KoBe of Trog (Vaults:4)
  The ghost of eruonna the Slayer, a veteran HOBe of Trog (Vaults:4)
  The ghost of TuffENuff the Formicid Cataclysm, a veteran FoFi of Qazlal (Vaults:4)
  12 golden dragons
  2 doom hounds (Depths:3)
  A bone dragon (Depths:2)
  10 tentacled monstrosities
  3 electric golems
  A shard shrike zombie (Crypt:3)
  A spectral shard shrike (Crypt:3)
  23 Orb Guardians
  4 liches
  4 titans
  Asterion (Snake:1)
  8 quicksilver dragons
  Grunn (Depths:3)
  An Executioner (D:15)
  8 death cobs
  An acid blob (Zig:3)
  2 ancient champions (Crypt:2)
  4 sphinxes
  10 tengu reavers
  8 shadow dragons
  8 revenants
  Roxanne (Swamp:2)
  2 fenstrider witches
  The ghost of Kicir the Blocker, an adept GnFi of Okawaru (Snake:1)
  13 storm dragons
  3 draconian monks (Zot:4)
  5 fire giants
  A rockslime (Zig:3)
  2 deep elf sorcerers (Vaults:3)
  2 draconian knights
  A nagaraja (Snake:4)
  31 vault wardens
  7 iron dragons
  Aizul (Snake:3)
  6 draconian scorchers
  A ghost moth (Crypt:3)
  3 angels
  A caustic shrike zombie (Crypt:2)
  2 draconian stormcallers
  A balrug (Depths:2)
  6 draconian shifters
  9 frost giants
  6 draconian annihilators
  2 curse skulls (Crypt:3)
  21 ironbound preservers
  3 orc warlords
  10 ghouls
  2 spriggan defenders (Depths:3)
  A broodmother (Zig:1)
  A juggernaut skeleton (Crypt:1)
  8 ironbound thunderhulks
  6 war gargoyles
  2 vampire knights
  14 stone giants
  19 very ugly things
  6 eleionomae
  2 deep elf demonologists (Vaults:5)
  A minotaur (Gauntlet)
  2 deep elf annihilators (Vaults:5)
  10 dire elephants
  7 white draconians
  10 green draconians
  2 halazid warlocks (Desolation)
  Azrael (Snake:3)
  10 purple draconians
  8 yellow draconians
  10 red draconians
  7 bunyips
  13 black draconians
  The ghost of BillyBaka the Cleaver, a journeyman MiFi of Uskayaw (Lair:3)
  6 deep elf death magi
  11 eidola
  6 crystal guardians
  2 spectral quicksilver dragons (Crypt:3)
  8 fire dragons
  7 jiangshi
  3 shambling mangroves
  10 yaktaur captains
  A blizzard demon (Zot:3)
  11 ettins
  2 entropy weavers
  3 deep elf high priests (Vaults:5)
  2 spectral spriggans (Crypt:3)
  10 peacekeepers
  9 ragged hierophants (Desolation)
  7 servants of whispers (Desolation)
  The ghost of superradish the Destroyer, a journeyman VSCj of Vehumet (Lair:5)
  2 hell beasts
  Josephine (Swamp:1)
  2 salamander tyrants (Snake:4)
  Harold (Orc:1)
  2 spriggan zombies (Crypt:2)
  6 spriggan air magi
  5 great orbs of eyes
  14 hydras
  3 ghost crabs
  A spectral shadow dragon (Crypt:3)
  29 vault guards
  5 ice dragons
  3 rakshasas
  10 anacondas
  5 catoblepae
  16 centaur warriors
  3 ogre magi
  11 alligators
  6 ironbound frosthearts
  3 boulder beetles
  Erica (D:10)
  A spectral human (Crypt:3)
  2 spriggan skeletons
  8 naga warriors
  An anaconda (shapeshifter) (Vaults:2)
  12 two-headed ogres
  A death knight (Crypt:1)
  5 vampire magi
  3 tengu warriors
  10 deep troll earth magi
  18 death yaks
  8 naga sharpshooters
  A spectral dire elephant (Crypt:3)
  3 spriggan berserkers
  10 deep troll shamans
  An orc high priest (Orc:2)
  4 sun demons
  2 hell hogs (Depths:1)
  11 shock serpents
  A quicksilver ooze zombie (Crypt:2)
  A titan skeleton (Crypt:2)
  7 hell knights
  3 soul eaters
  9 shadow wraiths
  10 iron trolls
  A fire crab (Swamp:4)
  A death drake (shapeshifter) (Vaults:3)
  79 deep trolls
  16 skeletal warriors
  A skyshark (Lair:3)
  7 salamander mystics
  Lodul (D:11)
  6 goliath frogs
  A spectral bunyip (Crypt:3)
  A quicksilver dragon simulacrum (Depths:2)
  A spriggan druid (Swamp:2)
  2 glowing orange brains
  11 flayed ghosts
  12 lindwurms
  3 naga ritualists
  15 swamp dragons
  A spriggan simulacrum (Crypt:3)
  22 ironbound convokers
  A golden dragon skeleton (Depths:1)
  A shadow dragon zombie (Crypt:2)
  5 necromancers
  7 wizards
  A deep elf archer (Vaults:5)
  13 phantasmal warriors
  A spectral iron dragon (Crypt:3)
  2 anaconda skeletons (Crypt:2)
  4 harpies (Vaults:1)
  4 bog bodies
  Pikel (D:7)
  8 orc knights
  4 deep elf pyromancers
  2 orc sorcerers (Orc:2)
  9 mana vipers
  12 ugly things
  6 manticores
  A spectral ettin (Crypt:3)
  22 salamanders
  13 moths of wrath
  2 cyclopes
  2 stone giant zombies (Depths:1)
  A manticore (shapeshifter) (Vaults:5)
  An iron dragon skeleton (Crypt:3)
  6 will-o-the-wisps
  8 guardian serpents
  4 rust devils (Depths:1)
  A stone giant skeleton (Crypt:2)
  A spectral centaur (Crypt:3)
  19 black mambas
  7 naga magi
  Joseph (D:7)
  A gargoyle (D:14)
  13 elephants
  An orange demon (Zot:1)
  4 smoke demons (Depths:1)
  23 vault sentinels
  3 kobold demonologists (D:13)
  5 centaur skeletons
  A naga skeleton (Crypt:2)
  An alligator snapping turtle zombie (Crypt:2)
  8 cane toads
  A torpor snail (Gauntlet)
  50 yaktaurs
  A yaktaur (shapeshifter) (D:15)
  An unseen horror (D:11)
  A rime drake (Lair:2)
  A komodo dragon (shapeshifter) (D:15)
  20 freezing wraiths
  6 tengu conjurers
  12 komodo dragons
  A swamp worm zombie (Crypt:3)
  An unseen horror skeleton (Crypt:3)
  A spectral demonspawn (Crypt:3)
  4 guardian mummies (Crypt:3)
  A harpy zombie (Crypt:2)
  A meliai (Zig:1)
  2 trolls
  A red draconian skeleton (Crypt:1)
  3 polar bears
  A spectral harpy (Crypt:3)
  A large abomination (D:14)
  A mana viper skeleton (Crypt:3)
  A bloated husk (Swamp:1)
  An iron troll skeleton (Crypt:3)
  41 saltlings (Desolation)
  10 tyrant leeches
  13 hornets
  A great orb of eyes zombie (Crypt:1)
  4 dream sheep (Lair:5)
  A spectral guardian serpent (Snake:1)
  6 blink frogs
  A spectral swamp dragon (Crypt:3)
  An ettin zombie (Crypt:2)
  39 slime creatures
  2 centaur simulacra
  An alligator skeleton (Crypt:3)
  A spectral black mamba (Snake:1)
  A fire dragon skeleton (Crypt:2)
  2 shadows (Crypt:3)
  14 spriggans
  10 wraiths
  5 water elementals
  3 wyverns
  2 ushabtiu (Desolation)
  4 fire bats (Depths:1)
  50 yaks
  3 basilisks
  6 fire elementals
  A vampire (D:12)
  8 vampire mosquitoes
  A black mamba skeleton (Crypt:1)
  A spectral salamander (Snake:1)
  3 redbacks
  Menkaure (D:7)
  A harpy simulacrum (Crypt:3)
  3 steam dragons
  23 swamp worms
  A warg (Vaults:5)
  22 water moccasins
  2 acid dragons
  8 hydra simulacra (Depths:3)
  3 hell hounds (Snake:3)
  35 nagas
  A floating eye (shapeshifter) (Vaults:5)
  13 orc warriors
  A dream sheep zombie (Crypt:1)
  2 ice beasts
  7 swamp drakes
  A hornet zombie (D:6)
  6 black bears
  4 boggarts (Vaults:2)
  An elephant skeleton (Crypt:1)
  7 wolves
  22 ogres
  3 centaurs
  3 lemures (D:7)
  3 kobold brigands
  4 necrophages
  10 bullfrogs
  A komodo dragon zombie (Crypt:1)
  A wyvern zombie (D:6)
  3 scorpions
  8 wights
  7 killer bees
  A queen bee zombie (Crypt:2)
  14 jellies
  7 electric eels
  8 howler monkeys
  2 centaur zombies
  A black bear zombie (Crypt:3)
  12 orc priests
  A gnoll bouda (D:6)
  4 hounds
  A human zombie (D:6)
  5 sleepcaps
  An iron imp (D:8)
  3 iguanas
  12 orc wizards
  A hell rat (Sewer)
  A killer bee zombie (D:6)
  3 naga zombies (Crypt:2)
  9 mummies
  2 howler monkey zombies
  Robin (D:3)
  5 gnolls (D:6)
  4 adders
  5 naga simulacra
  4 river rats
  4 shadow imps
  A swamp drake skeleton (Crypt:3)
  4 white imps
  3 ufetubi (D:6)
  An iguana skeleton (Crypt:3)
  4 worms
  3 dart slugs
  57 orcs
  9 ball pythons
  A bat zombie (Crypt:1)
  10 endoplasms
  8 giant cockroaches
  9 hobgoblins
  7 jackals
  26 kobolds
  2 quokkas
  A river rat zombie (Crypt:2)
  2 bats (D:1)
  A dart slug zombie (Crypt:2)
  3 frilled lizards
  20 goblins
  A kobold skeleton (Crypt:3)
  12 rats
  A spectral weapon (Gauntlet)
2045 creatures vanquished.

Vanquished Creatures (collateral kills)
  An orb of fire (Zot:4)
  Nikola (Swamp:1)
  Jorgrun (Snake:3)
  2 Orb Guardians (Zot:5)
  A fire giant (Vaults:1)
  A deep elf sorcerer (Vaults:5)
  A vault warden (Vaults:5)
  2 slime creatures (Vaults:1)
  A ghoul (Vaults:3)
  2 ironbound preservers
  A war gargoyle (Vaults:1)
  A stone giant (Vaults:4)
  An ironbound thunderhulk (Vaults:3)
  A deep elf demonologist (Vaults:5)
  A fire dragon (Swamp:4)
  A shambling mangrove (Swamp:3)
  A yaktaur captain (Vaults:5)
  A vault guard (Vaults:2)
  An ogre mage (Vaults:1)
  5 hydras
  2 centaur warriors (Vaults:1)
  A two-headed ogre (Vaults:1)
  A death yak (Lair:1)
  2 orc high priests (Orc:2)
  A salamander mystic (Snake:4)
  2 skeletal warriors (Crypt:3)
  An orb spider (shapeshifter) (Vaults:2)
  2 deep trolls
  2 swamp dragons
  3 ironbound convokers
  An orc knight (Orc:2)
  4 wizards
  3 ugly things
  A necromancer (Vaults:2)
  A will-o-the-wisp (Swamp:1)
  An orc sorcerer (Orc:2)
  A black draconian zombie (Crypt:3)
  5 yaktaurs
  A guardian mummy (Crypt:3)
  3 saltlings (Desolation)
  3 hornets (Swamp:3)
  A spectral black mamba (Snake:1)
  A shock serpent simulacrum (Snake:1)
  2 yaks (Lair:5)
  2 steam dragons (Swamp:4)
  A vampire mosquito (Swamp:1)
  3 swamp drakes (Swamp:4)
  2 orc warriors (Orc:2)
  A black mamba simulacrum (Snake:1)
  A naga simulacrum (Snake:1)
  4 orcs (Orc:2)
86 creatures vanquished.

Vanquished Creatures (others)
  A peacekeeper (Desolation)
  A bog body (Crypt:3)
  A moth of wrath (Zot:2)
  A guardian serpent (Desolation)
  A water nymph (shapeshifter) (Vaults:2)
  3 bloated husks
  A hornet (Swamp:3)
  A water elemental (Depths:3)
  2 ushabtiu (Desolation)
  A swamp worm (Swamp:1)
  A vampire mosquito (Swamp:1)
  A swamp drake (Swamp:4)
  A jelly (Lair:5)
  2 orcs
  27 foxfires
45 creatures vanquished.

Grand Total: 2176 creatures vanquished

Notes
Turn   | Place    | Note
-------+----------+-------------------------------------------
     0 | D:1      | babooboo the Minotaur Fighter began the quest for the Orb.
     0 | D:1      | Reached XP level 1. HP: 19/19 MP: 0/0
    96 | D:1      | Reached XP level 2. HP: 24/27 MP: 1/1
   178 | D:1      | Reached XP level 3. HP: 33/33 MP: 2/2
   192 | D:1      | Found a faded altar of an unknown god.
   200 | D:1      | Found Momutum's Jewellery Boutique.
   207 | D:1      | Prayed at the altar of an unknown god.
   207 | D:1      | Became a worshipper of Qazlal Stormbringer
   207 | D:1      | Reached * piety under Qazlal
   726 | D:2      | Reached ** piety under Qazlal
   872 | D:2      | Reached XP level 4. HP: 40/40 MP: 3/3
  1222 | D:2      | Reached skill level 1 in Invocations
  1554 | D:3      | Reached XP level 5. HP: 36/47 MP: 2/5
  1604 | D:3      | Noticed Robin
  1622 | D:3      | Killed Robin
  1628 | D:3      | Reached *** piety under Qazlal
  1760 | D:3      | Found a stormy altar of Qazlal.
  1858 | D:3      | Found Vamussidgh's Magic Scroll Emporium.
  2400 | D:4      | Noticed a black bear
  2416 | D:4      | Reached skill level 5 in Fighting
  2419 | D:4      | Killed a black bear
  2420 | D:4      | Reached skill level 5 in Armour
  2420 | D:4      | Reached skill level 5 in Shields
  2420 | D:4      | Reached XP level 6. HP: 49/56 MP: 1/6
  2463 | D:4      | Found a staircase to the Ecumenical Temple.
  2555 | D:4      | Found a glowing drain.
  2575 | Sewer    | Entered a sewer
  2583 | Sewer    | Reached XP level 7. HP: 61/61 MP: 6/8
  2688 | D:4      | Reached **** piety under Qazlal
  2753 | D:4      | Found an ornate altar of the Wu Jian Council.
  2994 | D:4      | Found Goihidd's Weapon Shoppe.
  3135 | D:5      | Entered Level 5 of the Dungeon
  3138 | D:5      | Found a shadowy altar of Dithmenos.
  3272 | D:5      | Reached skill level 5 in Axes
  3690 | D:6      | Reached XP level 8. HP: 53/70 MP: 5/9
  3807 | D:6      | Found a sacrificial altar of Ru.
  3873 | D:6      | Found an opulent altar of Gozag.
  4003 | D:6      | Found a glowing silver altar of Zin.
  4282 | D:6      | Found an ancient bone altar of Kikubaaqudgha.
  4288 | D:6      | Reached ***** piety under Qazlal
  4306 | D:6      | Reached XP level 9. HP: 68/79 MP: 8/11
  4498 | D:7      | Noticed Pikel
  4524 | D:7      | Reached skill level 5 in Invocations
  4533 | D:7      | Killed Pikel
  4589 | D:7      | Noticed Menkaure
  4595 | D:7      | Killed Menkaure
  4697 | D:7      | Noticed Joseph
  4703 | D:7      | Killed Joseph
  5267 | D:7      | Identified the +1 whip of Puehepn {speed, Will+ Stlth+}
  5470 | D:8      | Reached XP level 10. HP: 69/90 MP: 9/13
  6245 | D:8      | Found a white marble altar of Elyvilon.
  6336 | D:8      | Found a snail-covered altar of Cheibriados.
  6548 | D:9      | Found a staircase to the Orcish Mines.
  6783 | D:9      | Found a staircase to the Lair.
  7364 | D:10     | Entered Level 10 of the Dungeon
  7369 | D:10     | Noticed Erica
  7372 | D:10     | Killed Erica
  7384 | D:10     | Noticed a two-headed ogre
  7394 | D:10     | Killed a two-headed ogre
  7927 | D:11     | Noticed a two-headed ogre
  7935 | D:11     | Killed a two-headed ogre
  8059 | D:10     | Reached XP level 11. HP: 83/99 MP: 15/15
  8165 | D:10     | Found Yddekhlel's Antique Weapon Shop.
  8219 | D:10     | Found a sparkling altar of Nemelex Xobeh.
  8279 | D:10     | Reached skill level 10 in Fighting
  8279 | D:10     | Reached skill level 10 in Shields
  8290 | D:10     | Reached skill level 10 in Armour
  8555 | D:11     | Noticed Lodul
  8566 | D:11     | Killed Lodul
  9094 | D:11     | Found a sacrificial altar of Ru.
  9107 | D:11     | Noticed a two-headed ogre
  9113 | D:11     | Reached skill level 10 in Axes
  9120 | D:11     | Killed a two-headed ogre
 10209 | D:1      | Bought the ring of the Greedy {rC+ Str+2 Int+4 SInv Stlth-}
                  | for 562 gold pieces
 10379 | Lair:1   | Entered Level 1 of the Lair of Beasts
 10411 | Lair:1   | Noticed a death yak
 10413 | Lair:1   | Noticed a death yak
 10422 | Lair:1   | Noticed a death yak
 10423 | Lair:1   | Noticed a death yak
 10424 | Lair:1   | Killed a death yak
 10428 | Lair:1   | Noticed a death yak
 10434 | Lair:1   | Killed a death yak
 10439 | Lair:1   | Killed a death yak
 10440 | Lair:1   | Reached XP level 12. HP: 21/110 MP: 8/17
 10450 | Lair:1   | Killed a death yak
 10451 | Lair:1   | Killed a death yak
 11688 | Lair:2   | Identified 3 scrolls of acquirement
 11720 | Lair:2   | Acquired the ring of Murghus {rCorr Str+3 Int+4 Stlth-}
 11726 | Lair:2   | Acquired 1174 gold pieces
 11728 | Lair:2   | Acquired the +1 cloak of Starlight {*Dazzle EV+4 Stlth--}
 11728 | Lair:2   | Found the +1 cloak of Starlight {*Dazzle EV+4 Stlth--}
 11922 | Lair:2   | Noticed a boulder beetle
 11951 | Lair:2   | Killed a boulder beetle
 11972 | Lair:2   | Found a gate leading to a gauntlet.
 11986 | Gauntlet | Entered a Gauntlet
 11986 | Gauntlet | Found a transporter.
 11986 | Gauntlet | Found a transporter.
 12043 | Gauntlet | Found a transporter.
 12051 | Gauntlet | Found a transporter.
 12051 | Gauntlet | Found a transporter.
 12053 | Gauntlet | Found a transporter.
 12053 | Gauntlet | Found a transporter.
 12053 | Gauntlet | Noticed a cacodemon
 12063 | Gauntlet | Found a transporter.
 12063 | Gauntlet | Noticed a blizzard demon
 12066 | Gauntlet | Found a runed translucent door.
 12066 | Gauntlet | Found a runed translucent door.
 12073 | Gauntlet | Found a transporter.
 12089 | Gauntlet | Found a transporter.
 12093 | Gauntlet | Found a runed translucent door.
 12100 | Gauntlet | Found a transporter.
 12103 | Gauntlet | Noticed a six-headed hydra
 12114 | Gauntlet | Found a transporter.
 12134 | Gauntlet | Found a transporter.
 12148 | Gauntlet | Found a transporter.
 12236 | Gauntlet | Identified the +0 pair of gloves "Faej" {Will- MP+9 Int+4}
 12259 | Gauntlet | Identified the +6 morningstar of Sloth {freeze, rElec rF-
                  | Int+5 Stlth+}
 12265 | Gauntlet | Killed a three-headed hydra
 12298 | Gauntlet | Identified the +4 flail of Boheip {spect, Dex+4}
 12298 | Gauntlet | Identified the +4 ring mail "Fysiff" {Rampage rElec rPois
                  | Str-4 SInv}
 12298 | Gauntlet | Noticed a minotaur
 12312 | Gauntlet | Killed a minotaur
 12488 | Gauntlet | Identified the +8 ice dragon scales of Buliful {Rampage Fly
                  | rF- rC++ rN+++ Will-}
 12497 | Gauntlet | Got the Directory of the Jinx
 12501 | Gauntlet | Got the Incunabulum of Transfiguration
 12979 | Lair:2   | Found a staircase to the Snake Pit.
 13191 | Lair:3   | Reached XP level 13. HP: 95/119 MP: 19/19
 13194 | Lair:3   | Reached skill level 10 in Invocations
 13462 | Lair:3   | Found a runed translucent door.
 13464 | Lair:3   | Noticed BillyBaka's ghost (journeyman MiFi)
 13466 | Lair:3   | Identified the +1 trident "Arrem" {flame, Str+3 Stlth+}
 13582 | Lair:3   | You are sucked into a shaft and drop 2 floors!
 13582 | Lair:5   | Entered Level 5 of the Lair of Beasts
 13901 | Lair:5   | Identified the +6 scale mail of Courage {Will+ rCorr}
 14044 | Lair:5   | Found a runed translucent door.
 14045 | Lair:5   | Noticed superradish's ghost (journeyman VSCj)
 14074 | Lair:5   | Killed superradish's ghost
 14142 | Lair:5   | Reached XP level 14. HP: 121/130 MP: 21/21
 14660 | Lair:5   | Found a staircase to the Slime Pits.
 14662 | Lair:5   | Found a viscous altar of Jiyva.
 14833 | Lair:4   | Reached ****** piety under Qazlal
 15989 | Lair:3   | Identified the +1 leather armour of Gevy {Str+4}
 16186 | Lair:3   | Found a staircase to the Swamp.
 16456 | Lair:3   | Killed BillyBaka's ghost
 16557 | Lair:3   | Acquired the +3 broad axe of the Impish God {freeze,
                  | *Corrode Drain rF+ Dex+7}
 16679 | Orc:1    | Entered Level 1 of the Orcish Mines
 16686 | Orc:1    | Noticed Harold
 16691 | Orc:1    | Killed Harold
 17005 | Orc:2    | Entered Level 2 of the Orcish Mines
 17005 | Orc:2    | Found a staircase to the Elven Halls.
 17079 | Orc:2    | Found Uphu's Antique Weapon Shoppe.
 17079 | Orc:2    | Found Semosycrun's Antique Weapon Shop.
 17081 | Orc:2    | Found Fosuitz's Armour Shoppe.
 17081 | Orc:2    | Found Yciywaz's Weapon Shop.
 18329 | D:13     | Gained mutation: Your body sometimes deteriorates upon
                  | taking damage. [a neqoxec]
 18332 | D:13     | Gained mutation: Your flesh is heat resistant. (rF+) [a
                  | neqoxec]
 18864 | D:14     | Reached XP level 15. HP: 128/139 MP: 23/23
 19013 | D:14     | Reached skill level 15 in Shields
 19014 | D:14     | Reached skill level 15 in Fighting
 19030 | D:14     | Reached skill level 15 in Armour
 19662 | D:14     | Learned a level 1 spell: Apportation
 19673 | D:14     | Found a gate to the Vaults.
 19841 | D:15     | Entered Level 15 of the Dungeon
 19993 | D:15     | Reached skill level 15 in Axes
 20110 | D:15     | Paralysed by an ogre mage for 3 turns
 20289 | D:15     | Paralysed by a great orb of eyes for 2 turns
 20355 | D:15     | Found Wiawkui's Hallowed Reliquary.
 20622 | D:15     | Acquired 542 gold pieces
 20652 | D:15     | Found a staircase to the Depths.
 21094 | Swamp:1  | Entered Level 1 of the Swamp
 21174 | Swamp:1  | Noticed Nikola
 21187 | Swamp:1  | Killed Nikola
 21196 | Swamp:1  | Noticed Josephine
 21206 | Swamp:1  | Killed Josephine
 22151 | Swamp:1  | Reached XP level 16. HP: 81/126 MP: 24/24
 22835 | Swamp:2  | Identified Roxanne's Tractate on Shaping
 22835 | Swamp:2  | Noticed Roxanne
 22859 | Swamp:2  | Killed Roxanne
 22864 | Swamp:2  | Learned a level 1 spell: Beastly Appendage
 22936 | Swamp:2  | Noticed a tentacled monstrosity
 22947 | Swamp:2  | Killed a tentacled monstrosity
 23517 | Swamp:3  | Paralysed by a fenstrider witch for 2 turns
 24687 | Swamp:4  | Entered Level 4 of the Swamp
 25127 | Swamp:4  | Reached XP level 17. HP: 106/161 MP: 21/26
 25359 | Swamp:4  | Got a decaying rune of Zot
 25656 | Snake:1  | Entered Level 1 of the Snake Pit
 25931 | Snake:1  | Found an ancient bone altar of Kikubaaqudgha.
 25981 | Snake:1  | Found a runed translucent gate.
 25981 | Snake:1  | Found a runed translucent gate.
 25981 | Snake:1  | Found a runed translucent gate.
 25990 | Snake:1  | Noticed Kicir's ghost (adept GnFi)
 25994 | Snake:1  | Noticed Asterion
 25999 | Snake:1  | Killed Asterion
 26037 | Snake:1  | Killed Kicir's ghost
 26087 | Snake:1  | Identified the ring of Olesosso {rF- MP+9 Str+2 Int+2}
 26502 | Snake:1  | You are sucked into a shaft and drop 1 floor!
 27415 | Snake:3  | Noticed Aizul
 27440 | Snake:3  | Killed Aizul
 27749 | Snake:3  | Found Rorear's Armour Shop.
 27898 | Snake:3  | Noticed Azrael
 27911 | Snake:3  | Killed Azrael
 27934 | Snake:3  | Noticed Emergh's ghost (journeyman MiBe)
 27936 | Snake:3  | Found a transporter.
 27937 | Snake:3  | Found a bloodstained altar of Trog.
 27957 | Snake:3  | Found a transporter.
 28221 | Snake:3  | Noticed Jorgrun
 28228 | Snake:3  | Killed Jorgrun
 28245 | Snake:3  | Found Ystrurupe's Distillery.
 28555 | Snake:3  | Found Quykhli's Armour Shoppe.
 28561 | Snake:3  | Bought the +3 crown of Dyrovepreva {rElec Int+2 SInv} for
                  | 662 gold pieces
 28561 | Snake:3  | Found the +3 crown of Dyrovepreva {rElec Int+2 SInv}
 28877 | Snake:4  | Entered Level 4 of the Snake Pit
 29127 | Snake:4  | Reached skill level 15 in Invocations
 29226 | Snake:4  | Found Etreapn's Magic Scroll Boutique.
 29235 | Snake:4  | Bought a scroll of enchant armour for 142 gold pieces
 29235 | Snake:4  | Bought a scroll of blinking for 142 gold pieces
 29613 | Snake:4  | Reached XP level 18. HP: 154/172 MP: 28/28
 29863 | Snake:4  | Got a serpentine rune of Zot
 30207 | Vaults:1 | Entered Level 1 of the Vaults
 30287 | Vaults:1 | Learned a level 2 spell: Lesser Beckoning
 30288 | Vaults:1 | Found Ymmulerelo's Weapon Shop.
 31394 | Vaults:2 | Reached XP level 19. HP: 183/183 MP: 30/30
 31559 | Vaults:2 | Paralysed by an ogre mage for 3 turns
 32184 | Vaults:2 | Found the +4 moon troll leather armour {Spirit, Regen++
                  | MP+5}
 32359 | Vaults:2 | Found a runed translucent gate.
 32359 | Vaults:2 | Noticed Ciatuas's ghost (veteran MiBe)
 32360 | Vaults:2 | Found a runed translucent gate.
 32360 | Vaults:2 | Found a runed translucent gate.
 32438 | Vaults:2 | Killed Ciatuas's ghost
 33365 | Vaults:3 | Paralysed by a great orb of eyes for 3 turns
 33430 | Vaults:3 | Found a crumbling gateway.
 33432 | Vaults:3 | Found a glowing golden altar of the Shining One.
 33432 | Vaults:3 | Found a white marble altar of Elyvilon.
 33432 | Vaults:3 | Found a glowing silver altar of Zin.
 33449 | Desolati | Entered the Desolation of Salt
 33491 | Desolati | Reached XP level 20. HP: 133/193 MP: 27/31
 33879 | Desolati | Identified the quicksilver dragon scales of the Shining
                  | Light {rC+ rN+ Will+ Int-2 Dex+4}
 33888 | Desolati | Got the Parchment of the Damned and Hail
 34109 | Desolati | Identified the staff of earth "Zikh" {rPois Int+2 SInv}
 34113 | Desolati | Identified the ring of the Sun {Ice rElec Dex+3}
 34116 | Desolati | Got Nolajur's Notes on Orientation and the Flock
 34118 | Desolati | Identified the +0 scale mail of Uruxun {rElec MP-9 Dex+5
                  | Stlth+}
 34412 | Desolati | Identified the ring of Boluupo {rElec rF+ Str+2 Dex+3}
 35164 | Vaults:3 | Identified the +0 hat of Wyseghuo {Rampage rF- Dex+2}
 35167 | Vaults:3 | Identified the +1 trident of Vusan {holy, rC+ Will+ Str+5}
 35237 | Abyss:4  | Found a corrupted altar of Lugonu.
 35237 | Abyss:4  | Found a corrupted altar of Lugonu.
 35237 | Abyss:4  | Cast into level 4 of the Abyss (a deep elf sorcerer)
 35255 | Vaults:3 | Escaped the Abyss
 35702 | Vaults:3 | Found a staircase to the Crypt.
 35802 | Vaults:3 | Noticed Boris
 35817 | Vaults:3 | Killed Boris
 36223 | Vaults:4 | Paralysed by a great orb of eyes for 4 turns
 36227 | Vaults:4 | Noticed an ancient lich
 36919 | Vaults:4 | Killed an ancient lich
 36920 | Vaults:4 | Reached XP level 21. HP: 204/204 MP: 32/32
 36943 | Vaults:4 | Paralysed by a sphinx for 2 turns
 37009 | Vaults:4 | Found a runed translucent gate.
 37009 | Vaults:4 | Found a runed translucent gate.
 37010 | Vaults:4 | Noticed jlumianski's ghost (veteran KoBe)
 37010 | Vaults:4 | Noticed TuffENuff's ghost (veteran FoFi)
 37011 | Vaults:4 | Found a runed translucent gate.
 37011 | Vaults:4 | Found an ancient bone altar of Kikubaaqudgha.
 37011 | Vaults:4 | Noticed eruonna's ghost (veteran HOBe)
 37212 | Vaults:4 | Killed TuffENuff's ghost
 37227 | Vaults:4 | Killed eruonna's ghost
 37242 | Vaults:4 | Killed jlumianski's ghost
 37244 | Vaults:4 | Identified the +7 dagger of Olaprol {freeze, Str+2 Stlth+}
 37245 | Vaults:4 | Identified the amulet of Husoll {Acrobat rC- rCorr Int+4}
 37309 | Vaults:4 | Identified the +0 cloak of Rationality {Rampage rElec
                  | Will++ Slay-3}
 37952 | Depths:1 | Entered Level 1 of the Depths
 38434 | Depths:1 | Found a gateway to Hell.
 39266 | Depths:1 | Identified the staff of fire "Nout" {+Blink rPois rF+
                  | Int-3}
 39600 | Depths:1 | Found Tost's Book Boutique.
 39600 | Depths:1 | Found Mets's Magic Scroll Shop.
 39608 | Depths:1 | Bought a scroll of acquirement for 728 gold pieces
 39608 | Depths:1 | Bought a scroll of blinking for 105 gold pieces
 39608 | Depths:1 | Bought a scroll of fog for 56 gold pieces
 39608 | Depths:1 | Acquired the +0 pearl dragon scales of the Swan {Contam rN+
                  | Will++ Int+2 Dex+3}
 39870 | Depths:2 | Acquired 1038 gold pieces
 40000 | Depths:2 | Found a one-way gate leading to the halls of Pandemonium.
 40542 | Depths:2 | Found a one-way gateway to a ziggurat.
 41471 | Depths:3 | Reached XP level 22. HP: 193/215 MP: 34/34
 41481 | Depths:3 | Noticed a juggernaut
 41507 | Depths:3 | Killed a juggernaut
 41857 | Depths:3 | Noticed Grunn
 41872 | Depths:3 | Killed Grunn
 41998 | Depths:3 | Found a portal to a secret trove of treasure.
 42008 | Depths:3 | Found a glowing silver altar of Zin.
 42109 | Depths:3 | Found a one-way gate to the infinite horrors of the Abyss.
 42528 | Depths:4 | Entered Level 4 of the Depths
 42631 | Depths:4 | Found a gate to the Realm of Zot.
 42767 | Depths:4 | Found Lypn's Jewellery Emporium.
 42768 | Depths:4 | Found Ogeuhag's Book Boutique.
 42770 | Depths:4 | Found Yrer's Jewellery Emporium.
 42868 | Depths:4 | Found a flickering gateway to a bazaar.
 42881 | Bazaar   | Entered a bazaar
 42881 | Bazaar   | Found Atoenn's Armour Emporium.
 42881 | Bazaar   | Found Enilis's Antique Armour Shop.
 42881 | Bazaar   | Found Zeklerakly's Weapon Shoppe.
 42881 | Bazaar   | Found Mufiutwi's Antique Weapon Shop.
 42984 | Bazaar   | Found Zeogaf's Distillery.
 43225 | Depths:4 | Bought the amulet of Zuowec {-Cast Regen+ Str+4 SInv
                  | Stlth+} for 726 gold pieces
 43562 | Vaults:5 | Entered Level 5 of the Vaults
 43776 | Vaults:5 | Noticed a golden dragon
 43819 | Vaults:5 | Reached XP level 23. HP: 189/225 MP: 35/35
 44044 | Vaults:5 | Identified the +8 dire flail "Uwigeh" {venom, *Rage Dex+4
                  | SInv}
 44584 | Vaults:5 | Found Qasirgh's Assorted Antiques.
 44587 | Vaults:5 | Bought a transparent plate armour for 840 gold pieces
 44587 | Vaults:5 | Identified the +10 plate armour of Kuabo {Str+4 Int+2
                  | Slay+3} (You bought it in a shop on level 5 of the Vaults)
 44707 | Vaults:5 | Identified the amulet "Elomoa" {RegenMP Contam rF+ Str+4}
 44822 | Vaults:5 | Identified the staff of poison "Jicw" {rPois rC+ Int-4 SInv
                  | Stlth+}
 44837 | Vaults:5 | Identified the staff of cold "Didwivoq" {*Corrode rC+ MP+9
                  | Dex+3}
 44875 | Vaults:5 | Got Sif Muna's Papyrus of Mercurial Haze
 44894 | Vaults:5 | Identified the +1 pair of gloves "Xevaosul" {-Cast Fly
                  | Will++}
 44937 | Vaults:5 | Identified the +5 sling "Minotaur's Foe" {elec, Fragile rC+
                  | rCorr}
 44948 | Vaults:5 | Identified the amulet of Niahog {RegenMP Int+4}
 45300 | Vaults:5 | Got a silver rune of Zot
 45716 | Vaults:5 | Identified the staff of air "Zoypise" {rElec Dex+4}
 45719 | Vaults:5 | Identified the staff of poison "Iluzxon" {rPois rF+ rCorr
                  | Dex-3}
 45891 | Crypt:1  | Entered Level 1 of the Crypt
 47078 | Crypt:2  | Identified the +9 sling "Ifuogy Voapi" {heavy, rPois Str-2
                  | Int+6}
 47249 | Crypt:2  | Noticed Sojobo
 47269 | Crypt:2  | Killed Sojobo
 47876 | Crypt:3  | Entered Level 3 of the Crypt
 47896 | Crypt:3  | Reached XP level 24. HP: 102/237 MP: 36/36
 48578 | Crypt:3  | Identified the staff of conjuration "Xodd" {rElec rC- rN+}
 48583 | Crypt:3  | Reached XP level 25. HP: 245/245 MP: 36/36
 48654 | Crypt:3  | Got the Volume of Zombies
 49203 | Crypt:3  | Identified the +6 hand axe of the Final Decision {freeze,
                  | MP-9 Dex+2 Stlth+}
 49308 | Crypt:3  | Found a staircase to the Tomb.
 49823 | Crypt:3  | Acquired 550 gold pieces
 50197 | Zig:1    | Entered Level 1 of a ziggurat
 50217 | Zig:2    | Entered Level 2 of a ziggurat
 50219 | Zig:2    | Noticed Naes the pandemonium lord
 50244 | Zig:2    | Killed Naes the pandemonium lord
 50253 | Zig:2    | Identified the +7 sling "Gram" {freeze, rElec rCorr}
 50259 | Zig:3    | Entered Level 3 of a ziggurat
 50282 | Zig:3    | Identified the +1 ring mail of True Grit {MP+9}
 50287 | Zig:4    | Entered Level 4 of a ziggurat
 50579 | Zot:1    | Entered Level 1 of the Realm of Zot
 50584 | Zot:1    | Noticed an orb of fire
 50608 | Zot:1    | Gained mutation: You are vulnerable to cold. (rC-) [an orb
                  | of fire]
 50612 | Zot:1    | Killed an orb of fire
 50780 | Zot:1    | Noticed Vv
 50797 | Zot:1    | Killed Vv
 51068 | Zot:1    | You are sucked into a shaft and drop 1 floor!
 52814 | Zot:3    | Reached XP level 26. HP: 83/257 MP: 36/36
 53736 | Zot:3    | Noticed an orb of fire
 53749 | Zot:3    | Gained mutation: Armour fits poorly on your strangely
                  | shaped body. [an orb of fire]
 53752 | Zot:3    | Gained mutation: You occasionally lose the ability to read
                  | scrolls when taking damage. [an orb of fire]
 53753 | Zot:3    | Killed an orb of fire
 53773 | Zot:3    | Lost mutation: You are vulnerable to cold. (rC-) [potion of
                  | mutation]
 53773 | Zot:3    | Lost mutation: Armour fits poorly on your strangely shaped
                  | body. [potion of mutation]
 53773 | Zot:3    | Gained mutation: You possess an exceptional clarity of
                  | mind. [potion of mutation]
 53773 | Zot:3    | Gained mutation: Your mind is acute. (Int +4, Str/Dex -1)
                  | [potion of mutation]
 53817 | Zot:3    | Lost mutation: You possess an exceptional clarity of mind.
                  | [potion of mutation]
 53817 | Zot:3    | Lost mutation: You occasionally lose the ability to read
                  | scrolls when taking damage. [potion of mutation]
 53817 | Zot:3    | Lost mutation: Your body sometimes deteriorates upon taking
                  | damage. [potion of mutation]
 53817 | Zot:3    | Gained mutation: Your magical capacity is low. (-10% MP)
                  | [potion of mutation]
 53817 | Zot:3    | Lost mutation: Your magical capacity is low. (-10% MP)
                  | [potion of mutation]
 55744 | Zot:5    | Entered Level 5 of the Realm of Zot
 56432 | Zot:5    | Found a sacrificial altar of Ru.
 56828 | Zot:5    | Found an ancient bone altar of Kikubaaqudgha.
 56975 | Zot:5    | Noticed an orb of fire
 56976 | Zot:5    | Noticed a dread lich
 56981 | Zot:5    | Noticed an orb of fire
 56983 | Zot:5    | Noticed an orb of fire
 56983 | Zot:5    | Noticed an orb of fire
 56985 | Zot:5    | Noticed an orb of fire
 56988 | Zot:5    | Noticed an orb of fire
 56989 | Zot:5    | Noticed an orb of fire
 56995 | Zot:5    | Gained mutation: Your body sometimes deteriorates upon
                  | taking damage. [an orb of fire]
 57516 | Zot:4    | Gained mutation: You occasionally lose the ability to read
                  | scrolls when taking damage. [an orb of fire]
 57517 | Zot:4    | Gained mutation: Your magical capacity is low. (-10% MP)
                  | [an orb of fire]
 57520 | Zot:4    | Gained mutation: You sometimes lose your temper in combat.
                  | [an orb of fire]
 57525 | Zot:4    | Killed an orb of fire
 57652 | Zot:4    | Lost mutation: You sometimes lose your temper in combat.
                  | [potion of mutation]
 57652 | Zot:4    | Lost mutation: You occasionally lose the ability to read
                  | scrolls when taking damage. [potion of mutation]
 57652 | Zot:4    | Lost mutation: Your body sometimes deteriorates upon taking
                  | damage. [potion of mutation]
 57652 | Zot:4    | Lost mutation: Your flesh is heat resistant. (rF+) [potion
                  | of mutation]
 57652 | Zot:4    | Gained mutation: You are vulnerable to cold. (rC-) [potion
                  | of mutation]
 57689 | Zot:4    | Gained mutation: You are occasionally teleported next to
                  | monsters. [an orb of fire]
 57696 | Zot:4    | Gained mutation: You occasionally lose the ability to drink
                  | potions when taking damage. [an orb of fire]
 58045 | Zot:4    | Gained mutation: You have sharp toenails. [an orb of fire]
 58048 | Zot:4    | Killed an orb of fire
 58302 | Zot:4    | Lost mutation: Your mind is acute. (Int +4, Str/Dex -1)
                  | [potion of mutation]
 58302 | Zot:4    | Lost mutation: You are vulnerable to cold. (rC-) [potion of
                  | mutation]
 58302 | Zot:4    | Gained mutation: You occasionally shout uncontrollably at
                  | your foes. [potion of mutation]
 58303 | Zot:4    | Lost mutation: You occasionally shout uncontrollably at
                  | your foes. [potion of mutation]
 58303 | Zot:4    | Lost mutation: You occasionally lose the ability to drink
                  | potions when taking damage. [potion of mutation]
 58303 | Zot:4    | Lost mutation: Your magical capacity is low. (-10% MP)
                  | [potion of mutation]
 58303 | Zot:4    | Gained mutation: You expend magic power (3 MP) to
                  | strengthen your wands. [potion of mutation]
 58321 | Zot:5    | Noticed a dread lich
 58332 | Zot:4    | Killed a dread lich
 58821 | Snake:3  | Bought a potion of mutation for 112 gold pieces
 58821 | Snake:3  | Bought a potion of mutation for 112 gold pieces
 58821 | Snake:3  | Bought a potion of mutation for 112 gold pieces
 58821 | Snake:3  | Lost mutation: You have sharp toenails. [potion of
                  | mutation]
 58821 | Snake:3  | Lost mutation: You expend magic power (3 MP) to strengthen
                  | your wands. [potion of mutation]
 58821 | Snake:3  | Gained mutation: Your system is resistant to poisons.
                  | (rPois) [potion of mutation]
 58821 | Snake:3  | Gained mutation: You are agile. (Dex +4, Str/Int -1)
                  | [potion of mutation]
 58822 | Snake:3  | Lost mutation: You are agile. (Dex +4, Str/Int -1) [potion
                  | of mutation]
 58822 | Snake:3  | Lost mutation: You are occasionally teleported next to
                  | monsters. [potion of mutation]
 58822 | Snake:3  | Gained mutation: Armour fits poorly on your strangely
                  | shaped body. [potion of mutation]
 59309 | Zot:4    | Killed an orb of fire
 59600 | Zot:5    | Gained mutation: You are frail. (-10% HP) [an orb of fire]
 59657 | Zot:5    | Gained mutation: You are dopey. (Int -2) [an orb of fire]
 59660 | Zot:5    | Gained mutation: You expend magic power (3 MP) to
                  | strengthen your wands. [an orb of fire]
 59664 | Zot:4    | Gained mutation: Your magical capacity is low. (-10% MP)
                  | [an orb of fire]
 59675 | Zot:4    | Gained mutation: You are very dopey. (Int -4) [an orb of
                  | fire]
 59939 | Zot:4    | Gained mutation: You are vulnerable to cold. (rC-) [an orb
                  | of fire]
 59943 | Zot:4    | Gained mutation: You have supernaturally acute eyesight.
                  | (SInv) [an orb of fire]
 59957 | Zot:4    | Killed an orb of fire
 60069 | Zot:5    | Lost mutation: You are vulnerable to cold. (rC-) [an orb of
                  | fire]
 60213 | Zot:5    | Gained mutation: Your magical capacity is very low. (-20%
                  | MP) [an orb of fire]
 60224 | Zot:4    | Killed an orb of fire
 60250 | Zot:5    | Gained mutation: You are very frail. (-20% HP) [an orb of
                  | fire]
 60250 | Zot:5    | Gained mutation: You are clumsy. (Dex -2) [an orb of fire]
 60257 | Zot:4    | Gained mutation: Your spells are a little easier to cast,
                  | but a little less powerful. [an orb of fire]
 60258 | Zot:4    | Gained mutation: You are very clumsy. (Dex -4) [an orb of
                  | fire]
 60747 | Zot:4    | Killed an orb of fire
 61633 | Zot:5    | Killed a dread lich
 61766 | Zot:5    | Reached XP level 27. HP: 214/214 MP: 29/29
 61952 | Zot:5    | Got the Orb of Zot
 62357 | D:12     | Noticed Fyidgh the pandemonium lord
 62589 | D:$      | Escaped with the Orb!

Illustrated notes

Levels and vault maps discovered:
D:1:      psy_arrival_basics, layout_rooms, serial_shops,
          nicolae_shop_waterfront, hellmonk_ecumenical_altar_pennies_from_heaven
D:2:      layout_basic, minmay_diced_spiral
D:3:      layout_loops_ring, mainiacjoe_overflow_six_doors_small, serial_shops,
          shop, uniq_robin
D:4:      layout_basic, pdpol_wu_jian_five_deadly_venoms,
          minmay_temple_entry_drinking_statues, serial_shops, shop,
          portal_sewer_entry_a, minmay_door_square
D:5:      layout_rooms, grunt_dithmenos_smoke
D:6:      layout_cave_pools, lemuel_crystal_altar, mainiacjoe_overflow_24_doors,
          lemuel_mausoleum_altar_kikubaaqudgha, mainiacjoe_overflow_alcove_2
D:7:      layout_basic, uniq_menkaure, uniq_pikel, uniq_joseph
D:8:      layout_basic, mainiacjoe_overflow_alcove_4, slow_altar_2,
          minmay_misc_feat_plants, nicolae_titane
D:9:      layout_big_octagon, lair_entry_dummy, david_orc_3
D:10:     layout_basic, kennysheep_mini, serial_shops,
          nicolae_shop_overgrown_old_shop, uniq_erica
D:11:     layout_loops_corners, nicolae_ru_sacrificial_ziggurat, uniq_lodul
D:12:     layout_irregular_city, serial_park_tiny_pond
D:13:     layout_loops_ring
D:14:     layout_long_grid, hangedman_vaults_entry_quadrant_bands, minivault_26,
          serial_bayou_lake_a
D:15:     gammafunk_enter_depths_forms, layout_long_grid,
          chequers_serial_rivers_room_a, nicolae_good_shop
Lair:1:   layout_cave_pods
Lair:2:   layout_regular_city, nicolae_snake_entry_squirm,
          gauntlet_entry_generic
Lair:3:   layout_roguey, palyth_hydra_swamp_entry, ebering_ghost_funeral_grove,
          nicolae_quartered_pool_little
Lair:4:   layout_regular_city, serial_bayou_shore_a, grunt_megastairs_2,
          infiniplex_staircase_pool_2
Lair:5:   evilmike_catoblepas_cave, layout_regular_city,
          minmay_slime_entry_jelly_boxes, ebering_ghost_reflecting_pool
Swamp:1:  layout_basic_swamp, nicolae_swamp_triple_paths, uniq_nikola,
          uniq_josephine
Swamp:2:  nzn_winding_woodlands_medium [nzn_winding_woodlands_5x5_three,
          nzn_winding_woodlands_5x15_longhouse,
          nzn_winding_woodlands_5x5_perimeter, nzn_winding_woodlands_5x5_cross,
          nzn_winding_woodlands_center_diamonds,
          nzn_winding_woodlands_5x5_open_star, nzn_winding_woodlands_hourglass,
          nzn_winding_woodlands_5x15_sawtooth,
          nzn_winding_woodlands_5x5_closed_star], layout_falls_marsh,
          hangedman_swamp_blocks, swamp_pool2, nicolae_swamp_baby_hydras,
          uniq_roxanne
Swamp:3:  layout_basic_swamp, nicolae_swamp_round_clearing
Swamp:4:  swamp_fiery, layout_basic_swamp
Snake:1:  layout_chambers, basic_altar, gammafunk_ghost_necromancy,
          uniq_asterion
Snake:2:  layout_rooms
Snake:3:  layout_layer_cave, serial_shops, nicolae_shop_tiny_real_fake_doors,
          nicolae_shop_advertising_works [nicolae_subvault_shop_adworks],
          nicolae_shop_peninsula, gammafunk_ghost_wrathful_warriors,
          grunt_megastairs_5, uniq_aizul, uniq_azrael, uniq_jorgrun
Snake:4:  snake_pit_salamanders_mu, layout_onion, serial_shops, shop
Orc:1:    layout_caves, uniq_harold
Orc:2:    grunt_orc_tribal_feast, layout_caves, minmay_orc_temple_a
Vaults:1: nicolae_vaults_octagons, v_misc_27, serial_ice_h,
          nicolae_vaults_wine_cellar, v_rooms_5, ontoclasm_vaults_idyll,
          vaults_room_grunt_arrival_ludios, vaults_dpeg_cross, v_misc_12,
          nicolae_vaults_little_squares_2, nicolae_vaults_offset_grid_hallway_4,
          hangedman_vaults_restitches, nicolae_vaults_trapezoid_4,
          layout_vaults_omnibox, serial_shops, shop
Vaults:2: gammafunk_ghost_split, nicolae_vaults_tangram_1,
          nicolae_vaults_ellipses_ellipsis, vaults_mumra_minichess, v_misc_4,
          nicolae_vaults_offset_grid_hallway_2, hangedman_vaults_variations,
          nicolae_vaults_closet_pinwheel_4, v_misc_31, vaults_room_glass_cross,
          v_misc_25, nicolae_vaults_tetromino_Z_2,
          hangedman_vaults_stretched_pinwheel,
          nicolae_vaults_storage_room_doors, grunt_vaults_focal,
          layout_vaults_maze
Vaults:3: portal_desolation_entry_holy_temple, v_misc_5,
          nicolae_vaults_tangent_ellipses, nicolae_vaults_network_s,
          hangedman_vaults_stretched_pinwheel, hangedman_vaults_corner_blocks,
          grunt_vaults_funnel, v_misc_22, minmay_crypt_entry_simple_box,
          v_misc_28, layout_vaults_omnicross, uniq_boris
Vaults:4: gammafunk_ghost_crypt, ontoclasm_vaults_decontamination,
          nicolae_vaults_house_2, v_rooms_2, v_misc_17, v_misc_27,
          nicolae_vaults_heart-shaped_vault, v_misc_10,
          nicolae_vaults_murderbox, layout_vaults_omnigrid
Vaults:5: serial_shops
Crypt:1:  layout_misc_corridors, grunt_megastairs_4
Crypt:2:  layout_gridlike, tombwall_bobbens, uniq_sojobo
Crypt:3:  due_elkab, layout_chaotic_city, nicolae_tomb_entry_grand_gallery,
          nicolae_crypt_soggy_tomb
Depths:1: layout_cave_shapes, hellmouth_3, minmay_metal_thing, minmay_shoptagon
Depths:2: lemuel_troll_bridge, layout_gridlike, enter_ziggurat_e,
          grunt_pan_entry_zigzag, grunt_mini_vestibule,
          infiniplex_staircase_door_maze
Depths:3: cheibrodos_hall_of_evolution, layout_gridville, abyss_entry,
          grunt_hell_entry_dis_mu, kennysheep_cross_room, enter_trove_2,
          zin_scriptorium, minmay_staircase_statues, uniq_grunn
Depths:4: grunt_twist_and_shout, layout_gridlike, hell_entry, serial_shops,
          bzr_in_the_mist, minmay_shop_grove
Zot:1:    layout_misc_corridors, uniq_vv
Zot:2:    layout_misc_corridors
Zot:3:    layout_concentric_octagons
Zot:4:    layout_misc_corridors
Zot:5:    layout_cathedral_of_symmetry, hangedman_feature_mirror

Skill      XL: |  1  2  3  4  5  6  7  8  9 10 11 12 13 14 15 16 17 18 19 20 21 22 23 24 25 26 27 |
---------------+----------------------------------------------------------------------------------+-----
Armour         | 4 5 6 7 8 9 11 12 13 14 16 17 18 19 20 21 22 23 24 25 26 | 26.0
Shields        | 4 5 6 7 8 9 11 12 13 14 16 17 18 19 20 21 22 23 24 25 26 | 26.0
Fighting       | 4 5 6 7 8 9 11 12 13 14 16 17 18 19 20 21 22 23 24 25 | 25.9
Axes           | 3 4 5 6 8 9 10 12 13 14 15 16 18 19 20 21 22 23 24 25 | 25.8
Invocations    | 1 2 3 4 6 7 8 9 11 12 13 14 15 16 17 18 19 20 21 22 | 22.0

Action                     |  1- 3 |  4- 6 |  7- 9 | 10-12 | 13-15 | 16-18 | 19-21 | 22-24 | 25-27 || total
---------------------------+-------+-------+-------+-------+-------+-------+-------+-------+-------++-------
  Melee: War axe           |    84 |   161 |   250 |   425 |   355 |     3 |       |       |       ||  1278
         Headbutt          |    10 |    20 |    54 |    90 |   217 |   318 |   505 |   430 |   300 ||  1944
         Broad axe         |       |       |       |       |   434 |  1000 |  1441 |  1282 |  1062 ||  5219
  Throw: Javelin           |       |       |       |     3 |       |       |       |       |       ||     3
   Cast: Beastly Appendage |       |       |       |       |       |     1 |       |       |       ||     1
 Invoke: Elemental Force   |       |       |       |     3 |     6 |    14 |    15 |    11 |    13 ||    62
         Disaster Area     |       |       |       |     1 |     2 |     4 |     3 |     5 |     3 ||    18
  Evoke: Wand              |       |       |       |       |       |     1 |     7 |       |     3 ||    11
         Condenser vane    |       |       |       |       |       |       |     3 |       |       ||     3
    Use: Scroll            |       |     8 |    12 |    16 |     6 |     2 |    13 |    11 |    16 ||    84
         Potion            |       |     3 |     2 |     6 |     3 |       |    19 |     3 |    14 ||    50
   Stab: Invisible         |       |       |       |     2 |     4 |     5 |     6 |       |       ||    17
         Petrified         |       |       |       |       |     7 |       |       |       |       ||     7
         Petrifying        |       |       |       |       |     4 |       |       |       |       ||     4
         Paralysed         |       |       |       |       |     3 |    18 |    11 |    10 |     7 ||    49
         Distracted        |       |       |       |       |       |     2 |     4 |     1 |     3 ||    10
 Armour: Scale mail        |    42 |    56 |    16 |       |       |       |       |       |       ||   114
         Acid dragon scale |       |       |    39 |    46 |       |       |       |       |       ||    85
         Plate armour      |       |       |       |    82 |       |       |       |       |       ||    82
         Ice dragon scales |       |       |       |    12 |   190 |   234 |   334 |   273 |   293 ||  1336
  Dodge: Dodged            |    36 |    94 |   129 |   162 |   129 |   157 |   238 |   116 |   157 ||  1218
         Repelled          |       |       |     2 |     3 |     4 |    13 |    10 |     6 |    23 ||    61
  Block: Buckler           |    24 |    80 |   143 |   198 |       |       |       |       |       ||   445
         Kite shield       |       |       |       |   101 |       |       |       |       |       ||   101
         Tower shield      |       |       |       |    48 |   933 |  1121 |  1600 |  1356 |  1213 ||  6271
